 Dungeon Crawl Stone Soup version 0.31-a0-210-gccc998df9b (webtiles) character file.

Game seed: 11458484477262314585

175722 qw the Peltast (level 18, -2/119 HPs)
             Began as a Gargoyle Fighter on June 29, 2023.
             Was an Elder of Okawaru.
             Slain by a nine-headed hydra (4 damage)
             ... on level 4 of the Swamp.
             The game lasted 00:21:28 (27216 turns).

qw the Peltast (Gargoyle Fighter)                  Turns: 27216, Time: 00:21:28

Health: -2/119     AC: 59    Str: 27    XL:     18   Next: 10%
Magic:  34/34      EV: 12    Int: 14    God:    Okawaru [****..]
Gold:   996        SH: 31    Dex: 15    Spells: 17/17 levels left

rFire   + + +        b - +2 war axe of the Eye-covered God {speed, rF+ MP+9}
rCold   + + .        z - +8 tower shield of Autumn {rElec rN++ Will- Int+2}
rNeg    + + +        E - +8 plate armour {ponderous}
rPois   inf          u - +2 helmet "Ulyd" {rC++ Int+2}
rElec   +            y - +2 cloak
rCorr   .            s - +2 pair of gloves
SInv    .            v - +2 pair of boots
Will    .....        q - amulet of regeneration Stlth
                     j - +4 ring of protection
HPRegen 1.19/turn    H - ring of Suicidal Tendencies {rPois rF++ rN+ Dex+6}
MPRegen 0.24/turn

%: no passive effects
@: about to teleport, heroic, flying, slowed, very slow
A: sickness immunity, AC +13, big wings, negative energy resistance 1,
electricity resistance, torment resistance 1, petrification resistance
a: Renounce Religion, Heroism, Finesse


You were on level 4 of the Swamp.
You worshipped Okawaru.
Okawaru was greatly pleased with you.
You visited 6 branches of the dungeon, and saw 30 of its levels.
You visited the Abyss 1 time.

You collected 4354 gold pieces.
You spent 3358 gold pieces at shops.


Innate Abilities, Weirdness & Mutations

You are immune to sickness and miasma.
Your stone body is resilient. (AC +13)
You are immune to poison.
Your large and strong wings let you fly.
You resist negative energy. (rN+)
You are resistant to electric shocks. (rElec)
You are resistant to unholy torment.
You are immune to petrification.


   Skills:
 - Level 15.0(20.0) Fighting
 - Level 16.0(21.0) Axes
 - Level 6.0(11.0) Throwing
 + Level 14.4(19.4) Armour
 - Level 5.0(10.0) Dodging
 - Level 18.1(23.1) Shields
 - Level 10.0 Invocations


You had 17 spell levels left.
You didn't know any spells.
Your spell library was empty.

Inventory:

Hand Weapons
 b - the +2 war axe of the Eye-covered God (weapon) {speed, rF+ MP+9}
   (You bought it in a shop on level 2 of the Orcish Mines)

   rF:        It protects you from fire.
   MP:        It affects your magic capacity (+9).
 c - a +1 broad axe
 h - a +0 broad axe of electrocution
Missiles
 r - 2 javelins
 A - 6 boomerangs (quivered)
Armour
 k - +0 acid dragon scales
 s - a +2 pair of gloves (worn)
 u - the +2 helmet "Ulyd" (worn) {rC++ Int+2}
   (You acquired it on level 13 of the Dungeon)

   Int:       It affects your intelligence (+2).
   rC:        It greatly protects you from cold.
 v - a +2 pair of boots (worn)
 y - a +2 cloak (worn)
 z - the +8 tower shield of Autumn (worn) {rElec rN++ Will- Int+2}
   (You acquired it on level 14 of the Dungeon)

   Int:       It affects your intelligence (+2).
   rElec:     It insulates you from electricity.
   rN:        It greatly protects you from negative energy.
   Will:      It decreases your willpower.
 E - a +8 plate armour of ponderousness (worn)
Jewellery
 j - a +4 ring of protection (left hand)
 q - an amulet of regeneration (around neck)
 x - a ring of protection from fire
 C - a +4 ring of protection
 D - a ring of protection from cold
 H - the ring of Suicidal Tendencies (right hand) {rPois rF++ rN+ Dex+6}
   (You found it on level 1 of the Swamp)

   [ring of positive energy]

   Dex:       It affects your dexterity (+6).
   rF:        It greatly protects you from fire.
   rPois:     It protects you from poison.
   rN:        It protects you from negative energy.
Wands
 t - a wand of digging (16)
Scrolls
 m - 16 scrolls of identify
 o - 6 scrolls of teleportation
 G - a scroll of enchant weapon
Potions
 a - 3 potions of resistance
 d - 5 potions of might
 f - 8 potions of enlightenment
 g - 8 potions of curing
 i - 2 potions of magic
 l - 9 potions of lignification
 n - 2 potions of cancellation
 p - 7 potions of heal wounds
 w - a potion of mutation
 B - 4 potions of attraction
 F - 3 potions of haste

Dungeon Overview and Level Annotations

Branches:
Dungeon (15/15)            Temple (1/1) D:4            Lair (5/5) D:9
  Swamp (4/4) Lair:3        Snake (3/4) Lair:3        Slime (0/5) Lair:5
    Orc (2/2) D:10            Elf (0/3) Orc:2        Vaults (0/5) D:13
 Depths (0/4) D:15

Altars:
Ashenzari
Cheibriados
Dithmenos
Elyvilon
Fedhas
Gozag
Hepliaklqana
Kikubaaqudgha
Makhleb
Nemelex Xobeh
Okawaru
Qazlal
Ru
Sif Muna
Trog
Uskayaw
Vehumet
Wu Jian
Xom
Yredelemnul
Zin
The Shining One

Shops:
D:3 !*!:   D:4 [   D:5 :   D:11 =   D:12 *   D:13 *   Orc:1 !   Orc:2 (*!(
Snake:1 ?   Snake:2 [

Annotations:
D:7 1 runed translucent door, Crazy Yiuf
D:15 3 runed translucent doors, Pytaot's ghost, journeyman GrFi
Swamp:4 Lernaean hydra
Snake:2 1 runed translucent door, Tenauc's ghost, adept NaHu


Message History

You block the nine-headed hydra's attack.
The nine-headed hydra bites you but does no damage.
You block the nine-headed hydra's attack.
The nine-headed hydra bites you but does no damage.
The nine-headed hydra closely misses you.
The nine-headed hydra barely misses you.
You block the nine-headed hydra's attack. x2
The nine-headed hydra misses you.
The 26-headed Lernaean hydra bites you but does no damage. x2
The 26-headed Lernaean hydra barely misses you. x2
The 26-headed Lernaean hydra bites you but does no damage. x2
The 26-headed Lernaean hydra completely misses you.
The 26-headed Lernaean hydra bites you but does no damage. x4
The 26-headed Lernaean hydra barely misses you.
You block the 26-headed Lernaean hydra's attack.
The 26-headed Lernaean hydra bites you.
The 26-headed Lernaean hydra bites you but does no damage. x3
The 26-headed Lernaean hydra bites you.
The 26-headed Lernaean hydra bites you but does no damage.
The 26-headed Lernaean hydra bites you.
The 26-headed Lernaean hydra bites you but does no damage.
The 26-headed Lernaean hydra closely misses you.
You block the 26-headed Lernaean hydra's attack. x2
The 26-headed Lernaean hydra bites you but does no damage. x2
The swamp dragon barely misses you.
The swamp dragon claws you but does no damage.
The swamp dragon closely misses you.
The 15-headed hydra bites you but does no damage. x3
The 15-headed hydra closely misses you. You block the 15-headed hydra's attack.
The 15-headed hydra bites you.
The 15-headed hydra bites you but does no damage. x2
The 15-headed hydra barely misses you. The 15-headed hydra misses you.
The 15-headed hydra bites you but does no damage.
The 15-headed hydra bites you.
The 15-headed hydra bites you but does no damage. x3
The nine-headed hydra bites you but does no damage.
The nine-headed hydra closely misses you.
You block the nine-headed hydra's attack.
The nine-headed hydra bites you.
You die...

..~.7 #D.#
7~ ~~.~7
##.~# .# 7~
~.~.7###~n#
.# 77
~.~......7#
~# 7
¤....~.¤~~#
7.# 7
~........~#
.}# 7
.~..7###..##
k.# ...77
##.~##
###D.# 7
~..7
##.~###.@DD#
7 ..77
##~~~~.DD7#
7 ~%77
##.....7#


77777 7 ...7 ####.## 7~..7 .~.7 .~# 77~~~77 777 ~~77 .~.# 77~~~~.777777~~ ..7
..~7# 7~~~~~~.7~.~~~~ ¤.7 #### 77~~~~~~~7.~~~~~ (.777 777 77.~~¤~.~77~.~~~~ You
could see the 26-headed Lernaean hydra, a 15-headed hydra, a 12-headed hydra, a
nine-headed hydra, a swamp dragon and a swamp drake.

Vanquished Creatures
  Bai Suzhen (Swamp:4)
  A tentacled monstrosity (Swamp:4)
  Rupert (Lair:5)
  Gastronok (D:10)
  2 thorn hunters
  3 very ugly things (Abyss:2)
  4 eleionomae
  2 dire elephants (Swamp:1)
  2 bunyips
  An ettin (Orc:2)
  2 shambling mangroves
  Erolcha (Orc:2)
  17 hydras
  2 ghost crabs
  5 catoblepae
  3 ogre magi
  4 vault guards (D:13)
  2 centaur warriors (D:15)
  8 anacondas
  6 death yaks (Lair:5)
  5 boulder beetles
  16 two-headed ogres
  7 alligators
  5 tengu warriors
  7 shock serpents
  9 naga warriors
  7 naga sharpshooters
  7 spriggans
  A sea snake (Snake:1)
  3 spriggan druids
  4 naga ritualists
  A death drake (Swamp:4)
  A deep elf archer (Swamp:1)
  A goliath frog (Swamp:2)
  6 bog bodies
  2 deep trolls (Orc:2)
  11 swamp dragons
  A necromancer (D:15)
  A deep elf pyromancer (D:13)
  A wizard (D:15)
  8 ugly things
  9 mana vipers
  3 orc knights
  3 orc sorcerers
  4 will-o-the-wisps
  6 manticores
  6 cyclopes
  A salamander (Snake:1)
  6 elephants (Lair:4)
  A black mamba (shapeshifter) (D:15)
  6 slime creatures
  A centaur zombie (D:15)
  31 black mambas
  A gargoyle (D:13)
  Joseph (D:8)
  2 guardian serpents
  4 naga magi
  2 centaur skeletons (D:15)
  10 cane toads
  Psyche (D:8)
  A kobold demonologist (D:11)
  Maggie (D:6)
  2 freezing wraiths (D:14)
  A yaktaur (D:15)
  4 unseen horrors
  3 efreet
  5 komodo dragons
  2 ice devils (Lair:1)
  A meliai (D:13)
  6 tyrant leeches
  12 trolls
  6 polar bears
  A bloated husk (Swamp:1)
  11 hornets
  A raiju (Swamp:1)
  11 blink frogs
  5 dream sheep (Lair:3)
  A centaur simulacrum (D:14)
  3 shadows (D:10)
  7 wyverns
  3 wraiths
  2 vampires
  34 yaks
  4 basilisks
  3 steam dragons
  7 vampire mosquitoes
  A warg (Orc:1)
  Menkaure (D:7)
  16 swamp worms
  21 nagas
  5 acid dragons
  Duvessa (D:7)
  A meliai simulacrum (D:15)
  23 water moccasins
  19 orc warriors
  3 ice beasts
  2 swamp drakes (Swamp:4)
  4 black bears
  28 ogres
  6 wolves (Lair:4)
  6 centaurs
  2 small abominations (Abyss:2)
  4 kobold brigands
  2 phantoms
  6 bullfrogs
  6 scorpions
  2 gnoll sergeants
  An earth elemental (D:13)
  2 troll zombies (D:10)
  4 wights (D:8)
  Dowan (D:7)
  16 killer bees
  2 vampire bats (Lair:3)
  6 howler monkeys
  2 electric eels
  2 lava snakes (D:13)
  8 jellies
  5 hounds
  A gnoll bouda (D:7)
  16 orc priests
  A sleepcap (D:6)
  Ijyb (D:3)
  4 iguanas
  17 orc wizards
  4 ogre zombies (D:10)
  Robin (D:3)
  12 gnolls
  12 adders
  3 shadow imps
  A white imp (D:8)
  An ufetubus (D:4)
  4 worms
  3 dart slugs
  68 orcs
  13 bats
  8 endoplasms
  3 giant cockroaches
  10 goblins
  10 hobgoblins
  27 kobolds
  3 quokkas
  9 ball pythons
  A frilled lizard (D:1)
  3 hobgoblin zombies (D:10)
  2 orc skeletons (D:10)
  14 orc zombies (D:10)
  7 rats
874 creatures vanquished.

Vanquished Creatures (others)
  A deep elf knight (Swamp:1)
  A spriggan berserker (Swamp:3)
  A goliath frog (Swamp:1)
  A tyrant leech (Swamp:1)
  2 bloated husks (Swamp:1)
  An ice beast (D:8)
  10 foxfires
  A spectral weapon (Swamp:1)
18 creatures vanquished.

Grand Total: 892 creatures vanquished

Notes
Turn   | Place    | Note
-------+----------+-------------------------------------------
     0 | D:1      | qw the Gargoyle Fighter began the quest for the Orb.
     0 | D:1      | Reached XP level 1. HP: 14/14 MP: 1/1
     0 | D:1      | 0 ||| qw: Version: 0.3-a-24-g62f9e04
     0 | D:1      | 0 ||| qw: Game counter: 6676
     0 | D:1      | 0 ||| qw: Melee chars always use a shield: true
     0 | D:1      | 0 ||| qw: God list: Okawaru
     0 | D:1      | 0 ||| qw: Allow faded altars: false
     0 | D:1      | 0 ||| qw: Do Orc after clearing Dungeon:15 true
     0 | D:1      | 0 ||| qw: Do second Lair branch before Depths: true
     0 | D:1      | 0 ||| qw: Lair rune preference: random
     0 | D:1      | 0 ||| qw: Goals: Normal, Zot:1-4, Slime:5, God:TSO, Crypt,
                  | Tomb, Abyss, Pan, Hells, Win
     0 | D:1      | 0 ||| PLANNING D:1-11
    84 | D:1      | Reached XP level 2. HP: 18/19 MP: 2/2
   346 | D:1      | 346 ||| Stepping ~*~*~tactically~*~*~ (hiding).
   393 | D:1      | Reached skill level 3 in Axes
   415 | D:1      | You fall into a shaft and drop 1 floor!
   472 | D:2      | Reached XP level 3. HP: 23/23 MP: 3/3
   490 | D:2      | 490 ||| Stepping ~*~*~tactically~*~*~ (stealth).
   507 | D:2      | 507 ||| UPGRADING to ring of willpower.
   508 | D:2      | 508 ||| READING scroll labelled ACROBO KELUNT.
   509 | D:2      | 509 ||| READING scroll labelled LOINIMAUHU.
   510 | D:2      | 510 ||| READING scroll labelled VEM NED JAUJAM.
   528 | D:2      | 528 ||| READING scroll labelled LADIYTSAUG.
   535 | D:2      | 535 ||| FLEEEEING.
   536 | D:2      | 536 ||| STAIRDANCE
   852 | D:1      | Found a faded altar of an unknown god.
   976 | D:2      | 976 ||| STAIRDANCE
   979 | D:2      | 979 ||| STAIRDANCE
  1004 | D:2      | 1004 ||| DROPPING +0 whip.
  1018 | D:2      | 1018 ||| Stepping ~*~*~tactically~*~*~ (stealth).
  1340 | D:2      | Reached XP level 4. HP: 28/28 MP: 4/4
  1606 | D:2      | 1606 ||| READING scroll labelled YGUHON RESONEM.
  1625 | D:3      | Found Xejora's Book Emporium.
  1694 | D:3      | 1694 ||| Stepping ~*~*~tactically~*~*~ (hiding).
  1819 | D:3      | Found Quasin's General Store.
  1830 | D:3      | Found Feczeot's Distillery.
  1833 | D:3      | 1833 ||| BUYING 2 potions of lignification (66 gold).
  1833 | D:3      | Bought 2 potions of lignification for 66 gold pieces
  1833 | D:3      | 1833 ||| BUYING potion of curing (33 gold).
  1833 | D:3      | Bought a potion of curing for 33 gold pieces
  1833 | D:3      | 1833 ||| SHOPLISTING ring of ice (275 gold, have 55).
  1833 | D:3      | 1833 ||| SHOPLISTING scroll of brand weapon (104 gold, have
                  | 55).
  1833 | D:3      | 1833 ||| BUYING scroll of identify (22 gold).
  1833 | D:3      | Bought a scroll of identify for 22 gold pieces
  1833 | D:3      | 1833 ||| BUYING scroll of teleportation (33 gold).
  1833 | D:3      | Bought a scroll of teleportation for 33 gold pieces
  1841 | D:3      | 1841 ||| SHOPLISTING potion of curing (39 gold, have 0).
  1841 | D:3      | 1841 ||| SHOPLISTING potion of haste (130 gold, have 0).
  1841 | D:3      | 1841 ||| SHOPLISTING potion of heal wounds (65 gold, have
                  | 0).
  1841 | D:3      | 1841 ||| SHOPLISTING potion of mutation (104 gold, have 0).
  1842 | D:3      | Noticed Ijyb
  1842 | D:3      | Noticed Robin
  1856 | D:3      | 1856 ||| DRINKING 2 potions of curing.
  1856 | D:3      | 1856 ||| (to cure confusion)
  1862 | D:3      | Killed Ijyb
  1863 | D:3      | Reached XP level 5. HP: 20/32 MP: 5/5
  1868 | D:3      | Killed Robin
  2048 | D:3      | Found Huff's Distillery.
  2056 | D:3      | 2056 ||| SHOPLISTING potion of curing (42 gold, have 0).
  2056 | D:3      | 2056 ||| SHOPLISTING potion of enlightenment (70 gold, have
                  | 0).
  2056 | D:3      | 2056 ||| SHOPLISTING potion of magic (112 gold, have 0).
  2056 | D:3      | 2056 ||| SHOPLISTING potion of might (56 gold, have 0).
  2056 | D:3      | 2056 ||| SHOPLISTING potion of mutation (112 gold, have 0).
  2075 | D:3      | 2075 ||| Stepping ~*~*~tactically~*~*~ (hiding).
  2076 | D:3      | 2076 ||| Stepping ~*~*~tactically~*~*~ (hiding).
  2083 | D:3      | 2083 ||| Stepping ~*~*~tactically~*~*~ (stealth).
  2093 | D:3      | 2093 ||| Stepping ~*~*~tactically~*~*~ (stealth).
  2148 | D:3      | 2148 ||| DROPPING +0 mace.
  2149 | D:3      | 2149 ||| Stepping ~*~*~tactically~*~*~ (stealth).
  2183 | D:3      | Found a shimmering blue altar of Sif Muna.
  2183 | D:3      | Found a glowing golden altar of the Shining One.
  2191 | D:3      | Found a hazy altar of Hepliaklqana.
  2193 | D:3      | Found a broken altar of Ashenzari.
  2195 | D:3      | Found a bloodstained altar of Trog.
  2328 | D:3      | Found a radiant altar of Vehumet.
  2415 | D:3      | 2415 ||| UPGRADING to +1 helmet.
  2420 | D:3      | 2420 ||| UPGRADING to amulet of regeneration.
  2425 | D:3      | 2425 ||| READING scroll labelled PUXOHYEXAF.
  2426 | D:3      | 2426 ||| DRINKING 2 emerald potions.
  2436 | D:3      | 2436 ||| Stepping ~*~*~tactically~*~*~ (hiding).
  2476 | D:4      | Reached skill level 1 in Dodging
  2476 | D:4      | Reached XP level 6. HP: 38/38 MP: 6/6
  2530 | D:4      | Found Ephag's Antique Armour Shop.
  2531 | D:4      | 2531 ||| Stepping ~*~*~tactically~*~*~ (stealth).
  2532 | D:4      | 2532 ||| Stepping ~*~*~tactically~*~*~ (stealth).
  2547 | D:4      | Found a staircase to the Ecumenical Temple.
  2548 | D:4      | 2548 ||| PLANNING TEMPLE
  2552 | D:4      | 2552 ||| READING scroll labelled TYECAM METU.
  2553 | D:4      | 2553 ||| DRINKING 2 bubbling ruby potions.
  2554 | D:4      | 2554 ||| DROPPING potion of degeneration.
  2570 | Temple   | Entered the Ecumenical Temple
  2638 | Temple   | 2638 ||| PLANNING OKAWARU WORSHIP
  2649 | Temple   | Became a worshipper of Warmaster Okawaru
  2650 | Temple   | 2650 ||| PLANNING D:1-11
  2679 | D:4      | 2679 ||| SHOPLISTING chain mail (130 gold, have 12).
  2679 | D:4      | 2679 ||| SHOPLISTING pair of boots (130 gold, have 12).
  2679 | D:4      | 2679 ||| SHOPLISTING pair of glowing boots (217 gold, have
                  | 12).
  2679 | D:4      | 2679 ||| SHOPLISTING shiny helmet (217 gold, have 12).
  2756 | D:4      | 2756 ||| Stepping ~*~*~tactically~*~*~ (stealth).
  2848 | D:4      | Noticed a black bear
  2859 | D:4      | Killed a black bear
  2860 | D:4      | Reached skill level 6 in Axes
  2860 | D:4      | Reached XP level 7. HP: 42/43 MP: 7/7
  2877 | D:4      | 2877 ||| Stepping ~*~*~tactically~*~*~ (hiding).
  2878 | D:4      | 2878 ||| Stepping ~*~*~tactically~*~*~ (hiding).
  3327 | D:4      | 3327 ||| UPGRADING to +0 pair of gloves.
  3332 | D:4      | 3332 ||| UPGRADING to ring of protection from fire.
  3333 | D:4      | 3333 ||| READING scroll labelled TETAUS VEFAI.
  3386 | D:5      | Entered Level 5 of the Dungeon
  3414 | D:5      | Found Tiuc Rou's Tremendous Tomes.
  3416 | D:5      | Reached * piety under Okawaru
  3423 | D:5      | Reached skill level 1 in Invocations
  3427 | D:5      | 3427 ||| INVOKING Heroism.
  3437 | D:5      | Reached XP level 8. HP: 42/48 MP: 5/9
  3529 | D:5      | 3529 ||| Stepping ~*~*~tactically~*~*~ (stealth).
  3530 | D:5      | 3530 ||| Stepping ~*~*~tactically~*~*~ (stealth).
  3538 | D:5      | 3538 ||| Stepping ~*~*~tactically~*~*~ (hiding).
  3554 | D:5      | 3554 ||| Stepping ~*~*~tactically~*~*~ (stealth).
  3556 | D:5      | 3556 ||| INVOKING Heroism.
  3581 | D:5      | 3581 ||| Stepping ~*~*~tactically~*~*~ (stealth).
  3582 | D:5      | 3582 ||| Stepping ~*~*~tactically~*~*~ (stealth).
  3584 | D:5      | 3584 ||| Stepping ~*~*~tactically~*~*~ (hiding).
  3585 | D:5      | 3585 ||| Stepping ~*~*~tactically~*~*~ (hiding).
  3586 | D:5      | 3586 ||| Stepping ~*~*~tactically~*~*~ (hiding).
  3587 | D:5      | 3587 ||| Stepping ~*~*~tactically~*~*~ (hiding).
  3588 | D:5      | 3588 ||| Stepping ~*~*~tactically~*~*~ (hiding).
  3595 | D:5      | 3595 ||| INVOKING Heroism.
  3599 | D:5      | 3599 ||| Stepping ~*~*~tactically~*~*~ (stealth).
  3600 | D:5      | 3600 ||| Stepping ~*~*~tactically~*~*~ (stealth).
  3603 | D:5      | HP: 12/48 [ogre/+0 giant club (27)]
  3604 | D:5      | 3604 ||| READING 2 scrolls of teleportation.
  3607 | D:5      | Reached skill level 3 in Invocations
  3819 | D:5      | Reached skill level 1 in Throwing
  3978 | D:5      | 3978 ||| INVOKING Heroism.
  3979 | D:5      | 3979 ||| Stepping ~*~*~tactically~*~*~ (stealth).
  3994 | D:5      | 3994 ||| Stepping ~*~*~tactically~*~*~ (stealth).
  3998 | D:5      | 3998 ||| Stepping ~*~*~tactically~*~*~ (stealth).
  4020 | D:5      | Found a shimmering altar of Xom.
  4161 | D:5      | 4161 ||| DROPPING orb of energy.
  4162 | D:5      | 4162 ||| READING scroll labelled FAITUAKLAH.
  4163 | D:5      | 4163 ||| READING scroll labelled QOMOTIT ECSOUC.
  4164 | D:5      | 4164 ||| DRINKING 2 purple potions.
  4268 | D:5      | 4268 ||| DROPPING potion of berserk rage.
  4295 | D:6      | Noticed Maggie
  4311 | D:6      | 4311 ||| INVOKING Heroism.
  4319 | D:6      | Killed Maggie
  4319 | D:6      | Reached ** piety under Okawaru
  4320 | D:6      | Reached XP level 9. HP: 44/54 MP: 10/12
  4395 | D:6      | 4395 ||| Stepping ~*~*~tactically~*~*~ (hiding).
  4396 | D:6      | 4396 ||| Stepping ~*~*~tactically~*~*~ (hiding).
  4398 | D:6      | 4398 ||| Stepping ~*~*~tactically~*~*~ (hiding).
  4402 | D:6      | Noticed a komodo dragon
  4403 | D:6      | 4403 ||| INVOKING Heroism.
  4417 | D:6      | Killed a komodo dragon
  4418 | D:6      | Reached skill level 6 in Fighting
  4418 | D:6      | 4418 ||| Stepping ~*~*~tactically~*~*~ (stealth).
  4419 | D:6      | 4419 ||| Stepping ~*~*~tactically~*~*~ (stealth).
  4421 | D:6      | 4421 ||| Stepping ~*~*~tactically~*~*~ (stealth).
  4423 | D:6      | 4423 ||| Stepping ~*~*~tactically~*~*~ (stealth).
  4425 | D:6      | 4425 ||| Stepping ~*~*~tactically~*~*~ (stealth).
  4441 | D:6      | 4441 ||| Stepping ~*~*~tactically~*~*~ (hiding).
  4442 | D:6      | 4442 ||| Stepping ~*~*~tactically~*~*~ (hiding).
  4498 | D:6      | 4498 ||| INVOKING Heroism.
  4501 | D:6      | Reached skill level 9 in Axes
  4537 | D:6      | 4537 ||| Stepping ~*~*~tactically~*~*~ (hiding).
  4553 | D:6      | 4553 ||| FLEEEEING.
  4555 | D:6      | 4555 ||| Stepping ~*~*~tactically~*~*~ (stealth).
  4684 | D:6      | 4684 ||| INVOKING Heroism.
  4695 | D:6      | Reached skill level 4 in Shields
  4708 | D:6      | 4708 ||| Stepping ~*~*~tactically~*~*~ (stealth).
  4709 | D:6      | 4709 ||| Stepping ~*~*~tactically~*~*~ (stealth).
  4711 | D:6      | 4711 ||| Stepping ~*~*~tactically~*~*~ (stealth).
  4712 | D:6      | 4712 ||| Stepping ~*~*~tactically~*~*~ (stealth).
  4849 | D:6      | 4849 ||| INVOKING Heroism.
  5016 | D:6      | 5016 ||| UPGRADING to +0 acid dragon scales.
  5026 | D:6      | 5026 ||| DROPPING +0 scale mail.
  5027 | D:6      | 5027 ||| UPGRADING to +2 pair of gloves.
  5037 | D:6      | 5037 ||| DROPPING +0 pair of gloves.
  5038 | D:6      | 5038 ||| UPGRADING to +0 chain mail.
  5048 | D:6      | 5048 ||| UPGRADING to +1 pair of boots.
  5053 | D:6      | 5053 ||| READING scroll labelled SATHRES YSSUMOG.
  5054 | D:6      | 5054 ||| DRINKING 2 silvery potions.
  5055 | D:6      | 5055 ||| DRINKING 2 dark potions.
  5072 | D:7      | Reached *** piety under Okawaru
  5093 | D:7      | Found a runed translucent door.
  5094 | D:7      | Noticed Crazy Yiuf
  5131 | D:7      | 5131 ||| INVOKING Heroism.
  5166 | D:7      | 5166 ||| Stepping ~*~*~tactically~*~*~ (stealth).
  5167 | D:7      | 5167 ||| Stepping ~*~*~tactically~*~*~ (stealth).
  5194 | D:7      | 5194 ||| READING 2 scrolls of enchant armour.
  5194 | D:7      | 5194 ||| ENCHANTING +1 helmet.
  5195 | D:7      | 5195 ||| READING scroll of enchant armour.
  5195 | D:7      | 5195 ||| ENCHANTING +1 pair of boots.
  5196 | D:7      | Noticed Duvessa
  5196 | D:7      | Noticed Dowan
  5197 | D:7      | 5197 ||| Stepping ~*~*~tactically~*~*~ (hiding).
  5198 | D:7      | 5198 ||| INVOKING Heroism.
  5202 | D:7      | Killed Duvessa
  5203 | D:7      | Reached XP level 10. HP: 63/63 MP: 10/13
  5203 | D:7      | 5203 ||| Stepping ~*~*~tactically~*~*~ (hiding).
  5204 | D:7      | 5204 ||| Stepping ~*~*~tactically~*~*~ (hiding).
  5213 | D:7      | Killed Dowan
  5293 | D:7      | 5293 ||| Stepping ~*~*~tactically~*~*~ (hiding).
  5353 | D:7      | 5353 ||| Stepping ~*~*~tactically~*~*~ (hiding).
  5362 | D:7      | 5362 ||| INVOKING Heroism.
  5431 | D:7      | Noticed Menkaure
  5432 | D:7      | 5432 ||| Stepping ~*~*~tactically~*~*~ (hiding).
  5434 | D:7      | 5434 ||| INVOKING Heroism.
  5438 | D:7      | Killed Menkaure
  5439 | D:7      | 5439 ||| Stepping ~*~*~tactically~*~*~ (hiding).
  5504 | D:7      | 5504 ||| INVOKING Heroism.
  5508 | D:7      | Reached skill level 6 in Armour
  5597 | D:7      | 5597 ||| Stepping ~*~*~tactically~*~*~ (hiding).
  5716 | D:7      | 5716 ||| READING scroll of enchant weapon.
  5716 | D:7      | 5716 ||| ENCHANTING +1 war axe.
  5814 | D:7      | 5814 ||| UPGRADING to +4 ring of protection.
  5816 | D:7      | 5816 ||| READING 2 scrolls of identify.
  5816 | D:7      | 5816 ||| IDENTIFYING grey potion
  5875 | D:8      | Noticed Joseph
  5876 | D:8      | 5876 ||| DRINKING 3 potions of curing.
  5876 | D:8      | 5876 ||| (to cure confusion)
  5877 | D:8      | 5877 ||| Stepping ~*~*~tactically~*~*~ (hiding).
  5880 | D:8      | 5880 ||| Stepping ~*~*~tactically~*~*~ (hiding).
  5884 | D:8      | 5884 ||| INVOKING Heroism.
  5892 | D:8      | 5892 ||| DRINKING 2 potions of curing.
  5892 | D:8      | 5892 ||| (to cure confusion)
  5897 | D:8      | Killed Joseph
  5959 | D:8      | Reached skill level 5 in Shields
  6017 | D:8      | Found a white marble altar of Elyvilon.
  6068 | D:8      | 6068 ||| Stepping ~*~*~tactically~*~*~ (hiding).
  6178 | D:8      | 6178 ||| Stepping ~*~*~tactically~*~*~ (stealth).
  6269 | D:8      | Killed an unseen horror
  6270 | D:8      | Reached skill level 3 in Throwing
  6317 | D:8      | Noticed Psyche
  6318 | D:8      | 6318 ||| INVOKING Heroism.
  6330 | D:8      | Killed Psyche
  6379 | D:8      | Found a burning altar of Makhleb.
  6532 | D:8      | Found an ornate altar of the Wu Jian Council.
  6622 | D:8      | 6622 ||| INVOKING Heroism.
  6687 | D:8      | 6687 ||| READING scroll labelled CATEZI DESYCH.
  6715 | D:9      | Found a blossoming altar of Fedhas.
  6744 | D:9      | 6744 ||| INVOKING Heroism.
  6745 | D:9      | 6745 ||| Stepping ~*~*~tactically~*~*~ (stealth).
  6761 | D:9      | HP: 10/64 [acid dragon (9)]
  6762 | D:9      | 6762 ||| READING scroll of teleportation.
  6763 | D:9      | 6763 ||| DRINKING potion of heal wounds.
  6832 | D:9      | 6832 ||| Stepping ~*~*~tactically~*~*~ (stealth).
  6834 | D:9      | 6834 ||| Stepping ~*~*~tactically~*~*~ (hiding).
  6957 | D:9      | Reached **** piety under Okawaru
  6958 | D:9      | Reached XP level 11. HP: 51/69 MP: 14/14
  6981 | D:9      | 6981 ||| INVOKING Heroism.
  6989 | D:9      | Reached skill level 9 in Fighting
  7014 | D:9      | Found a staircase to the Lair.
  7033 | D:9      | Identified the +9 rapier of Doom {antimagic, Str+4 Int+4}
  7079 | D:9      | 7079 ||| Stepping ~*~*~tactically~*~*~ (hiding).
  7081 | D:9      | 7081 ||| Stepping ~*~*~tactically~*~*~ (hiding).
  7598 | D:9      | 7598 ||| PLANNING LAIR
  7625 | Lair:1   | Entered Level 1 of the Lair of Beasts
  7741 | Lair:1   | Identified the +6 flail "Xach" {flame, Will- rCorr Dex+8}
  7776 | Lair:1   | Reached skill level 6 in Invocations
  7946 | Lair:1   | Noticed a boulder beetle
  7947 | Lair:1   | 7947 ||| INVOKING Heroism.
  7957 | Lair:1   | 7957 ||| Stepping ~*~*~tactically~*~*~ (stealth).
  7979 | Lair:1   | 7979 ||| INVOKING Heroism.
  7984 | Lair:1   | Killed a boulder beetle
  8018 | Lair:1   | Identified the +10 great mace of the Countless Hosts {pain,
                  | +Blink Fly Stlth-}
  8042 | Lair:1   | 8042 ||| Stepping ~*~*~tactically~*~*~ (stealth).
  8046 | Lair:1   | 8046 ||| Stepping ~*~*~tactically~*~*~ (stealth).
  8059 | Lair:1   | 8059 ||| Stepping ~*~*~tactically~*~*~ (stealth).
  8060 | Lair:1   | 8060 ||| INVOKING Heroism.
  8074 | Lair:1   | 8074 ||| INVOKING Heroism.
  8096 | Lair:1   | 8096 ||| Stepping ~*~*~tactically~*~*~ (stealth).
  8153 | Lair:1   | 8153 ||| READING 3 scrolls of enchant weapon.
  8153 | Lair:1   | 8153 ||| ENCHANTING +2 war axe.
  8154 | Lair:1   | 8154 ||| READING 2 scrolls of enchant weapon.
  8154 | Lair:1   | 8154 ||| ENCHANTING +3 war axe.
  8155 | Lair:1   | 8155 ||| READING scroll of enchant weapon.
  8155 | Lair:1   | 8155 ||| ENCHANTING +4 war axe.
  8209 | Lair:1   | Reached ***** piety under Okawaru
  8214 | Lair:1   | Found a frozen archway.
  8485 | Lair:1   | 8485 ||| UPGRADING to +0 plate armour.
  8495 | Lair:1   | 8495 ||| DROPPING +0 chain mail.
  8496 | Lair:1   | 8496 ||| DROPPING amulet of the acrobat.
  8497 | Lair:1   | 8497 ||| READING scroll labelled SOOPEV FIUBRIL.
  8536 | Lair:2   | Noticed a boulder beetle
  8537 | Lair:2   | 8537 ||| INVOKING Heroism.
  8538 | Lair:2   | 8538 ||| INVOKING Finesse.
  8566 | Lair:2   | Killed a boulder beetle
  8627 | Lair:2   | 8627 ||| INVOKING Heroism.
  8634 | Lair:2   | Received a gift from Okawaru
  8692 | Lair:2   | 8692 ||| INVOKING Heroism.
  8732 | Lair:2   | 8732 ||| INVOKING Heroism.
  8735 | Lair:2   | Reached XP level 12. HP: 76/76 MP: 15/18
  8774 | Lair:2   | 8774 ||| Stepping ~*~*~tactically~*~*~ (stealth).
  8776 | Lair:2   | 8776 ||| Stepping ~*~*~tactically~*~*~ (stealth).
  8800 | Lair:2   | Reached skill level 9 in Invocations
  8812 | Lair:2   | Reached skill level 12 in Axes
  8851 | Lair:2   | 8851 ||| Stepping ~*~*~tactically~*~*~ (hiding).
  8926 | Lair:2   | 8926 ||| INVOKING Heroism.
  8970 | Lair:2   | 8970 ||| INVOKING Heroism.
  9006 | Lair:2   | Noticed a six-headed hydra
  9013 | Lair:2   | 9013 ||| SWAPPING to +2 hand axe of flaming.
  9017 | Lair:2   | 9017 ||| INVOKING Heroism.
  9019 | Lair:2   | Killed a three-headed hydra
  9020 | Lair:2   | 9020 ||| SWAPPING to +5 war axe.
  9128 | Lair:2   | 9128 ||| Stepping ~*~*~tactically~*~*~ (stealth).
  9129 | Lair:2   | 9129 ||| INVOKING Heroism.
  9149 | Lair:2   | Reached skill level 9 in Armour
  9168 | Lair:2   | 9168 ||| INVOKING Heroism.
  9333 | Lair:2   | Received a gift from Okawaru
  9334 | Lair:2   | Reached skill level 6 in Shields
  9424 | Lair:3   | 9424 ||| INVOKING Heroism.
  9564 | Lair:3   | Noticed a six-headed hydra
  9565 | Lair:3   | 9565 ||| INVOKING Heroism.
  9566 | Lair:3   | 9566 ||| SWAPPING to +2 hand axe of flaming.
  9577 | Lair:3   | Killed a one-headed hydra
  9578 | Lair:3   | 9578 ||| SWAPPING to +5 war axe.
  9870 | Lair:3   | 9870 ||| INVOKING Heroism.
  9890 | Lair:3   | 9890 ||| Stepping ~*~*~tactically~*~*~ (stealth).
  9893 | Lair:3   | 9893 ||| Stepping ~*~*~tactically~*~*~ (stealth).
  9906 | Lair:3   | Received a gift from Okawaru
 10055 | Lair:3   | 10055 ||| INVOKING Heroism.
 10069 | Lair:3   | Found a staircase to the Swamp.
 10144 | Lair:3   | 10144 ||| Stepping ~*~*~tactically~*~*~ (hiding).
 10146 | Lair:3   | 10146 ||| Stepping ~*~*~tactically~*~*~ (hiding).
 10152 | Lair:3   | Found a staircase to the Snake Pit.
 10164 | Lair:3   | 10164 ||| INVOKING Heroism.
 10243 | Lair:3   | Reached XP level 13. HP: 82/82 MP: 20/20
 10363 | Lair:3   | 10363 ||| UPGRADING to +0 cloak.
 10368 | Lair:3   | 10368 ||| READING 7 scrolls of identify.
 10368 | Lair:3   | 10368 ||| IDENTIFYING red potion
 10765 | Lair:4   | 10765 ||| Stepping ~*~*~tactically~*~*~ (stealth).
 10767 | Lair:4   | 10767 ||| Stepping ~*~*~tactically~*~*~ (stealth).
 10799 | Lair:4   | 10799 ||| INVOKING Heroism.
 10806 | Lair:4   | Received a gift from Okawaru
 11039 | Lair:4   | 11039 ||| Stepping ~*~*~tactically~*~*~ (stealth).
 11296 | Lair:4   | 11296 ||| READING scroll labelled RAHAUKHOABB.
 11297 | Lair:4   | 11297 ||| DROPPING +2 hand axe of flaming.
 11298 | Lair:4   | 11298 ||| READING 7 scrolls of identify.
 11298 | Lair:4   | 11298 ||| IDENTIFYING coppery potion
 11338 | Lair:5   | Entered Level 5 of the Lair of Beasts
 11338 | Lair:5   | Noticed Rupert
 11339 | Lair:5   | 11339 ||| INVOKING Heroism.
 11340 | Lair:5   | 11340 ||| INVOKING Finesse.
 11354 | Lair:5   | Killed Rupert
 11397 | Lair:5   | 11397 ||| INVOKING Heroism.
 11492 | Lair:5   | 11492 ||| INVOKING Heroism.
 11526 | Lair:5   | 11526 ||| Stepping ~*~*~tactically~*~*~ (stealth).
 11547 | Lair:5   | Found a staircase to the Slime Pits.
 11610 | Lair:5   | 11610 ||| INVOKING Heroism.
 11721 | Lair:5   | 11721 ||| SWAPPING to +0 broad axe.
 11759 | Lair:5   | 11759 ||| INVOKING Heroism.
 11763 | Lair:5   | 11763 ||| SWAPPING to +5 war axe of flaming.
 11772 | Lair:5   | 11772 ||| SWAPPING to +0 broad axe.
 11795 | Lair:5   | 11795 ||| SWAPPING to +5 war axe of flaming.
 11802 | Lair:5   | 11802 ||| SWAPPING to +0 broad axe.
 11846 | Lair:5   | 11846 ||| INVOKING Heroism.
 11888 | Lair:5   | Reached skill level 7 in Shields
 11888 | Lair:5   | 11888 ||| INVOKING Finesse.
 11919 | Lair:5   | Received a gift from Okawaru
 11935 | Lair:5   | 11935 ||| INVOKING Heroism.
 11962 | Lair:5   | 11962 ||| INVOKING Finesse.
 12030 | Lair:5   | 12030 ||| INVOKING Heroism.
 12031 | Lair:5   | 12031 ||| INVOKING Finesse.
 12050 | Lair:5   | Gained mutation: Your large and strong wings let you fly.
                  | [Gargoyle growth]
 12050 | Lair:5   | Reached XP level 14. HP: 86/90 MP: 14/21
 12099 | Lair:5   | 12099 ||| INVOKING Heroism.
 12135 | Lair:5   | Identified the +3 mace of Banu {elec, Stlth+}
 12354 | Lair:5   | 12354 ||| Stepping ~*~*~tactically~*~*~ (stealth).
 12356 | Lair:5   | 12356 ||| Stepping ~*~*~tactically~*~*~ (stealth).
 12362 | Lair:5   | 12362 ||| INVOKING Heroism.
 12632 | Lair:5   | 12632 ||| PLANNING D:1-11
 12740 | D:10     | Entered Level 10 of the Dungeon
 12817 | D:10     | 12817 ||| Stepping ~*~*~tactically~*~*~ (stealth).
 12820 | D:10     | 12820 ||| Stepping ~*~*~tactically~*~*~ (stealth).
 12864 | D:10     | Found a staircase to the Orcish Mines.
 12868 | D:10     | 12868 ||| Stepping ~*~*~tactically~*~*~ (stealth).
 12874 | D:10     | 12874 ||| INVOKING Heroism.
 12975 | D:10     | 12975 ||| Stepping ~*~*~tactically~*~*~ (stealth).
 12978 | D:10     | 12978 ||| Stepping ~*~*~tactically~*~*~ (stealth).
 13042 | D:10     | 13042 ||| Stepping ~*~*~tactically~*~*~ (hiding).
 13396 | D:10     | 13396 ||| FLEEEEING.
 13413 | D:10     | 13413 ||| FLEEEEING.
 13626 | D:10     | Noticed Gastronok
 13647 | D:10     | Killed Gastronok
 13883 | D:10     | 13883 ||| DRINKING 2 black potions.
 13884 | D:10     | 13884 ||| DROPPING potion of brilliance.
 14028 | D:11     | 14028 ||| Stepping ~*~*~tactically~*~*~ (stealth).
 14132 | D:11     | Reached skill level 6 in Throwing
 14163 | D:11     | 14163 ||| Stepping randomly (disturbance).
 14191 | D:11     | 14191 ||| Stepping ~*~*~tactically~*~*~ (hiding).
 14240 | D:11     | 14240 ||| Stepping ~*~*~tactically~*~*~ (stealth).
 14283 | D:11     | Reached skill level 15 in Axes
 14317 | D:11     | 14317 ||| INVOKING Heroism.
 14455 | D:11     | Found Itiesona's Jewellery Emporium.
 14460 | D:11     | 14460 ||| BUYING +4 ring of protection (540 gold).
 14460 | D:11     | Bought a +4 ring of protection for 540 gold pieces
 14460 | D:11     | 14460 ||| SHOPLISTING ring "Duwn" {rF+ Int+3 Slay+4} (1474
                  | gold, have 599).
 14460 | D:11     | 14460 ||| BUYING ring of protection from cold (375 gold).
 14460 | D:11     | Bought a ring of protection from cold for 375 gold pieces
 14460 | D:11     | 14460 ||| SHOPLISTING ring of protection from fire (375
                  | gold, have 224).
 14460 | D:11     | 14460 ||| SHOPLISTING ring of resist corrosion (300 gold,
                  | have 224).
 14573 | D:11     | 14573 ||| PLANNING D
 14573 | D:11     | 14573 ||| DROPPING ring of willpower.
 14574 | D:11     | 14574 ||| DROPPING ring of positive energy.
 14575 | D:11     | 14575 ||| UPGRADING to +4 ring of protection.
 14628 | D:12     | 14628 ||| Stepping ~*~*~tactically~*~*~ (hiding).
 14766 | D:12     | 14766 ||| Stepping ~*~*~tactically~*~*~ (hiding).
 14906 | D:12     | Found Alur's Assorted Antiques.
 14909 | D:12     | 14909 ||| BUYING scroll of brand weapon (247 gold).
 14909 | D:12     | Bought a scroll of brand weapon for 247 gold pieces
 14909 | D:12     | 14909 ||| SHOPLISTING scroll of teleportation (78 gold,
                  | have 21).
 14909 | D:12     | 14909 ||| SHOPLISTING shiny sapphire ring (130 gold, have
                  | 21).
 14909 | D:12     | 14909 ||| READING scroll of brand weapon.
 14909 | D:12     | 14909 ||| BRANDING +0 broad axe.
 15006 | D:12     | 15006 ||| FLEEEEING.
 15021 | D:12     | Reached skill level 12 in Fighting
 15176 | D:12     | Received a gift from Okawaru
 15228 | D:12     | 15228 ||| READING 3 scrolls of teleportation.
 15229 | D:12     | 15229 ||| INVOKING Heroism.
 15619 | D:12     | 15619 ||| INVOKING Heroism.
 15686 | D:12     | Found a shimmering blue altar of Sif Muna.
 15689 | D:12     | 15689 ||| READING scroll labelled ROTARCH DIKILOA.
 15689 | D:12     | Identified a scroll of acquirement
 15689 | D:12     | 15689 ||| ACQUIRING 1029 gold pieces
 15689 | D:12     | Acquired 1029 gold pieces
 15767 | D:13     | Identified the +1 leather armour of Dithmenos's Generosity
                  | {rF++}
 15831 | D:13     | 15831 ||| INVOKING Heroism.
 15832 | D:13     | 15832 ||| INVOKING Finesse.
 15874 | D:13     | 15874 ||| Stepping ~*~*~tactically~*~*~ (stealth).
 15921 | D:13     | Found Vegri's Pet Rocks.
 15973 | D:13     | 15973 ||| INVOKING Heroism.
 16019 | D:13     | Reached skill level 12 in Armour
 16086 | D:13     | Identified the +0 rapier of the Kissing Viper {elec, rPois}
 16089 | D:13     | Found a gate to the Vaults.
 16090 | D:13     | 16090 ||| INVOKING Heroism.
 16098 | D:13     | HP: 23/92 [fire elemental[a deep elf pyromancer] (4)]
 16099 | D:13     | 16099 ||| READING 2 scrolls of teleportation.
 16102 | D:13     | HP: 5/92 [vault guard/+1 bardiche (22)]
 16103 | D:13     | 16103 ||| DRINKING 2 potions of heal wounds.
 16104 | D:13     | 16104 ||| DRINKING potion of heal wounds.
 16105 | D:13     | 16105 ||| FLEEEEING.
 16106 | D:13     | 16106 ||| FLEEEEING.
 16128 | D:13     | HP: 20/92 [vault guard/+0 dire flail (7)]
 16129 | D:13     | 16129 ||| READING scroll of teleportation.
 16130 | D:13     | HP: 8/92 [vault guard/+1 bardiche (2)]
 16244 | D:13     | 16244 ||| Stepping ~*~*~tactically~*~*~ (stealth).
 16246 | D:13     | 16246 ||| Stepping ~*~*~tactically~*~*~ (stealth).
 16252 | D:13     | 16252 ||| Stepping ~*~*~tactically~*~*~ (hiding).
 16254 | D:13     | 16254 ||| INVOKING Heroism.
 16290 | D:13     | 16290 ||| Stepping ~*~*~tactically~*~*~ (stealth).
 16473 | D:13     | 16473 ||| READING scroll of acquirement.
 16473 | D:13     | 16473 ||| ACQUIRING +2 helmet "Ulyd" {rC++ Int+2}
 16473 | D:13     | Acquired the +2 helmet "Ulyd" {rC++ Int+2}
 16475 | D:13     | 16475 ||| UPGRADING to +1 buckler of protection.
 16485 | D:13     | 16485 ||| DROPPING +0 buckler.
 16486 | D:13     | 16486 ||| UPGRADING to +2 helmet "Ulyd" {rC++ Int+2}.
 16496 | D:13     | 16496 ||| DROPPING +2 helmet.
 16785 | D:14     | 16785 ||| INVOKING Heroism.
 16837 | D:14     | 16837 ||| Stepping ~*~*~tactically~*~*~ (stealth).
 16870 | D:14     | Reached XP level 15. HP: 93/96 MP: 22/22
 16921 | D:14     | 16921 ||| READING scroll of acquirement.
 16921 | D:14     | 16921 ||| ACQUIRING +8 tower shield of Autumn {rElec rN++
                  | Will- Int+2}
 16921 | D:14     | Acquired the +8 tower shield of Autumn {rElec rN++ Will-
                  | Int+2}
 16923 | D:14     | 16923 ||| DROPPING +0 buckler of resistance.
 17038 | D:14     | Reached skill level 8 in Shields
 17248 | D:14     | 17248 ||| Stepping ~*~*~tactically~*~*~ (stealth).
 17253 | D:14     | 17253 ||| Stepping ~*~*~tactically~*~*~ (stealth).
 17396 | D:14     | 17396 ||| DROPPING +2 hat of stealth.
 17397 | D:14     | 17397 ||| UPGRADING to +8 tower shield of Autumn {rElec
                  | rN++ Will- Int+2}.
 17407 | D:14     | 17407 ||| DROPPING +1 buckler of protection.
 17425 | D:15     | Entered Level 15 of the Dungeon
 17547 | D:15     | 17547 ||| Stepping ~*~*~tactically~*~*~ (stealth).
 17548 | D:15     | 17548 ||| Stepping ~*~*~tactically~*~*~ (hiding).
 17550 | D:15     | 17550 ||| INVOKING Heroism.
 17562 | D:15     | Received a gift from Okawaru
 17567 | D:15     | Reached skill level 9 in Shields
 17587 | D:15     | Found a runed translucent gate.
 17589 | D:15     | Found a runed translucent gate.
 17590 | D:15     | Found a runed translucent gate.
 17591 | D:15     | Noticed Pytaot's ghost (journeyman GrFi)
 17605 | D:15     | 17605 ||| Stepping ~*~*~tactically~*~*~ (hiding).
 17867 | D:15     | 17867 ||| INVOKING Heroism.
 17867 | D:15     | Paralysed by an orc sorcerer for 3 turns
 17872 | D:15     | 17872 ||| Stepping ~*~*~tactically~*~*~ (hiding).
 17884 | D:15     | 17884 ||| INVOKING Finesse.
 17889 | D:15     | Reached skill level 10 in Shields
 17925 | D:15     | Found a staircase to the Depths.
 17956 | D:15     | Received a gift from Okawaru
 18030 | D:15     | 18030 ||| PLANNING ORC
 18044 | D:15     | 18044 ||| PLANNING D
 18059 | D:15     | 18059 ||| PLANNING ORC
 18093 | D:15     | 18093 ||| PLANNING D
 18129 | D:15     | 18129 ||| PLANNING ORC
 18143 | D:15     | 18143 ||| PLANNING D
 18159 | D:15     | 18159 ||| PLANNING ORC
 18180 | D:15     | 18180 ||| PLANNING D
 18200 | D:15     | 18200 ||| PLANNING ORC
 18219 | D:15     | 18219 ||| PLANNING D
 18240 | D:15     | 18240 ||| PLANNING ORC
 18264 | D:15     | 18264 ||| PLANNING D
 18290 | D:15     | 18290 ||| PLANNING ORC
 18327 | D:15     | 18327 ||| PLANNING D
 18363 | D:15     | 18363 ||| PLANNING ORC
 18396 | D:15     | 18396 ||| PLANNING D
 18430 | D:15     | 18430 ||| Stepping randomly (stuck).
 18431 | D:15     | 18431 ||| PLANNING ORC
 18566 | Orc:1    | Entered Level 1 of the Orcish Mines
 18574 | Orc:1    | 18574 ||| DRINKING 6 potions of curing.
 18574 | Orc:1    | 18574 ||| (to cure confusion)
 18595 | Orc:1    | 18595 ||| Stepping ~*~*~tactically~*~*~ (hiding).
 18596 | Orc:1    | 18596 ||| Stepping ~*~*~tactically~*~*~ (hiding).
 18744 | Orc:1    | 18744 ||| UPGRADING to +8 plate armour of ponderousness.
 18754 | Orc:1    | 18754 ||| DROPPING +0 plate armour.
 18760 | Orc:2    | Entered Level 2 of the Orcish Mines
 18765 | Orc:2    | 18765 ||| DRINKING 5 potions of curing.
 18765 | Orc:2    | 18765 ||| (to cure confusion)
 18780 | Orc:2    | Noticed Erolcha
 18788 | Orc:2    | 18788 ||| Stepping ~*~*~tactically~*~*~ (stealth).
 18788 | Orc:2    | Found a staircase to the Elven Halls.
 18795 | Orc:2    | 18795 ||| FLEEEEING.
 18797 | Abyss:2  | Found a corrupted altar of Lugonu.
 18797 | Abyss:2  | Cast into level 2 of the Abyss (Erolcha)
 18831 | Abyss:2  | 18831 ||| Stepping ~*~*~tactically~*~*~ (stealth).
 18832 | Abyss:2  | 18832 ||| Stepping ~*~*~tactically~*~*~ (stealth).
 18834 | Abyss:2  | 18834 ||| Stepping ~*~*~tactically~*~*~ (stealth).
 18837 | Abyss:2  | 18837 ||| Stepping ~*~*~tactically~*~*~ (stealth).
 18858 | Abyss:2  | Reached skill level 11 in Shields
 18911 | Orc:2    | Escaped the Abyss
 18917 | Orc:2    | Killed Erolcha
 18926 | Orc:2    | 18926 ||| INVOKING Heroism.
 18964 | Orc:2    | 18964 ||| Stepping ~*~*~tactically~*~*~ (stealth).
 18968 | Orc:2    | 18968 ||| Stepping ~*~*~tactically~*~*~ (stealth).
 18970 | Orc:2    | 18970 ||| Stepping ~*~*~tactically~*~*~ (hiding).
 18976 | Orc:2    | 18976 ||| INVOKING Heroism.
 18977 | Orc:2    | 18977 ||| INVOKING Finesse.
 19003 | Orc:2    | 19003 ||| Stepping ~*~*~tactically~*~*~ (stealth).
 19050 | Orc:2    | 19050 ||| Stepping ~*~*~tactically~*~*~ (stealth).
 19051 | Orc:2    | 19051 ||| Stepping ~*~*~tactically~*~*~ (stealth).
 19060 | Orc:2    | 19060 ||| Stepping ~*~*~tactically~*~*~ (stealth).
 19100 | Orc:1    | 19100 ||| Stepping ~*~*~tactically~*~*~ (hiding).
 19102 | Orc:1    | 19102 ||| Stepping ~*~*~tactically~*~*~ (hiding).
 19103 | Orc:1    | 19103 ||| Stepping ~*~*~tactically~*~*~ (hiding).
 19114 | Orc:1    | 19114 ||| DRINKING 4 potions of curing.
 19114 | Orc:1    | 19114 ||| (to cure confusion)
 19243 | Orc:2    | 19243 ||| Stepping ~*~*~tactically~*~*~ (hiding).
 19245 | Orc:2    | 19245 ||| Stepping ~*~*~tactically~*~*~ (hiding).
 19349 | Orc:1    | 19349 ||| INVOKING Heroism.
 19360 | Orc:1    | Reached skill level 12 in Shields
 19383 | Orc:1    | 19383 ||| INVOKING Heroism.
 19434 | Orc:1    | Found Hissedou's Distillery.
 19440 | Orc:1    | 19440 ||| BUYING potion of cancellation (96 gold).
 19440 | Orc:1    | Bought a potion of cancellation for 96 gold pieces
 19440 | Orc:1    | 19440 ||| BUYING potion of curing (36 gold).
 19440 | Orc:1    | Bought a potion of curing for 36 gold pieces
 19440 | Orc:1    | 19440 ||| BUYING potion of curing (36 gold).
 19440 | Orc:1    | Bought a potion of curing for 36 gold pieces
 19440 | Orc:1    | 19440 ||| BUYING potion of curing (36 gold).
 19440 | Orc:1    | Bought a potion of curing for 36 gold pieces
 19440 | Orc:1    | 19440 ||| BUYING potion of enlightenment (60 gold).
 19440 | Orc:1    | Bought a potion of enlightenment for 60 gold pieces
 19440 | Orc:1    | 19440 ||| BUYING potion of enlightenment (60 gold).
 19440 | Orc:1    | Bought a potion of enlightenment for 60 gold pieces
 19440 | Orc:1    | 19440 ||| BUYING potion of haste (120 gold).
 19440 | Orc:1    | Bought a potion of haste for 120 gold pieces
 19440 | Orc:1    | 19440 ||| BUYING potion of heal wounds (60 gold).
 19440 | Orc:1    | Bought a potion of heal wounds for 60 gold pieces
 19440 | Orc:1    | 19440 ||| BUYING potion of lignification (36 gold).
 19440 | Orc:1    | Bought a potion of lignification for 36 gold pieces
 19440 | Orc:1    | 19440 ||| BUYING potion of lignification (36 gold).
 19440 | Orc:1    | Bought a potion of lignification for 36 gold pieces
 19585 | Orc:2    | 19585 ||| Stepping ~*~*~tactically~*~*~ (stealth).
 19586 | Orc:2    | Found Guonemif's Antique Weapon Shoppe.
 19587 | Orc:2    | 19587 ||| INVOKING Heroism.
 19607 | Orc:2    | Reached skill level 13 in Shields
 19629 | Orc:2    | 19629 ||| INVOKING Heroism.
 19630 | Orc:2    | Paralysed by something for 3 turns
 19639 | Orc:2    | Received a gift from Okawaru
 19640 | Orc:2    | Reached XP level 16. HP: 43/101 MP: 21/23
 19640 | Orc:2    | HP: 21/101 [orc sorcerer/bolt of fire (23)]
 19641 | Orc:2    | 19641 ||| READING 3 scrolls of teleportation.
 19642 | Orc:2    | 19642 ||| DRINKING 2 potions of heal wounds.
 19644 | Orc:2    | Found Fogoprykk's Distillery.
 19644 | Orc:2    | Found Donubb's Weapon Shop.
 19660 | Orc:2    | Reached skill level 14 in Shields
 19664 | Orc:2    | 19664 ||| INVOKING Heroism.
 19700 | Orc:2    | 19700 ||| BUYING potion of curing (36 gold).
 19700 | Orc:2    | Bought a potion of curing for 36 gold pieces
 19700 | Orc:2    | 19700 ||| BUYING potion of curing (36 gold).
 19700 | Orc:2    | Bought a potion of curing for 36 gold pieces
 19700 | Orc:2    | 19700 ||| BUYING potion of enlightenment (60 gold).
 19700 | Orc:2    | Bought a potion of enlightenment for 60 gold pieces
 19700 | Orc:2    | 19700 ||| BUYING potion of enlightenment (60 gold).
 19700 | Orc:2    | Bought a potion of enlightenment for 60 gold pieces
 19700 | Orc:2    | 19700 ||| BUYING potion of haste (120 gold).
 19700 | Orc:2    | Bought a potion of haste for 120 gold pieces
 19700 | Orc:2    | 19700 ||| BUYING potion of heal wounds (60 gold).
 19700 | Orc:2    | Bought a potion of heal wounds for 60 gold pieces
 19700 | Orc:2    | 19700 ||| BUYING potion of heal wounds (60 gold).
 19700 | Orc:2    | Bought a potion of heal wounds for 60 gold pieces
 19700 | Orc:2    | 19700 ||| BUYING potion of heal wounds (60 gold).
 19700 | Orc:2    | Bought a potion of heal wounds for 60 gold pieces
 19703 | Orc:2    | Found Pety's Assorted Antiques.
 19705 | Orc:2    | 19705 ||| BUYING +2 war axe of the Eye-covered God {speed,
                  | rF+ MP+9} (747 gold).
 19705 | Orc:2    | Bought the +2 war axe of the Eye-covered God {speed, rF+
                  | MP+9} for 747 gold pieces
 19705 | Orc:2    | 19705 ||| SWAPPING to +2 war axe of the Eye-covered God
                  | {speed, rF+ MP+9}.
 19718 | Orc:2    | 19718 ||| FLEEEEING.
 19719 | Orc:2    | 19719 ||| FLEEEEING.
 19720 | Orc:2    | 19720 ||| FLEEEEING.
 19721 | Orc:2    | 19721 ||| INVOKING Heroism.
 19725 | Orc:2    | Paralysed by an ogre mage for 3 turns
 19760 | Orc:2    | 19760 ||| BUYING potion of heal wounds (115 gold).
 19760 | Orc:2    | Bought a potion of heal wounds for 115 gold pieces
 20058 | Orc:2    | 20058 ||| PLANNING SWAMP:1-3
 20233 | Swamp:1  | Entered Level 1 of the Swamp
 20304 | Swamp:1  | 20304 ||| INVOKING Heroism.
 20350 | Swamp:1  | 20350 ||| Stepping ~*~*~tactically~*~*~ (cloud).
 20486 | Swamp:1  | Identified the ring of Suicidal Tendencies {rPois rF++ rN+
                  | Dex+6}
 20554 | Swamp:1  | 20554 ||| Stepping ~*~*~tactically~*~*~ (stealth).
 20607 | Swamp:1  | 20607 ||| Stepping ~*~*~tactically~*~*~ (stealth).
 20644 | Swamp:1  | 20644 ||| Stepping ~*~*~tactically~*~*~ (stealth).
 20819 | Swamp:1  | 20819 ||| Stepping ~*~*~tactically~*~*~ (stealth).
 20826 | Swamp:1  | 20826 ||| INVOKING Heroism.
 20827 | Swamp:1  | 20827 ||| INVOKING Finesse.
 20831 | Swamp:1  | 20831 ||| SWAPPING to +5 war axe of flaming.
 20836 | Swamp:1  | 20836 ||| SWAPPING to +2 war axe of the Eye-covered God
                  | {speed, rF+ MP+9}.
 20921 | Swamp:1  | Reached skill level 15 in Shields
 21025 | Swamp:1  | 21025 ||| Stepping ~*~*~tactically~*~*~ (hiding).
 21062 | Swamp:1  | 21062 ||| FLEEEEING.
 21063 | Swamp:1  | 21063 ||| FLEEEEING.
 21065 | Swamp:1  | 21065 ||| FLEEEEING.
 21066 | Swamp:1  | 21066 ||| FLEEEEING.
 21067 | Swamp:1  | 21067 ||| FLEEEEING.
 21068 | Swamp:1  | 21068 ||| FLEEEEING.
 21069 | Swamp:1  | 21069 ||| FLEEEEING.
 21070 | Swamp:1  | 21070 ||| FLEEEEING.
 21071 | Swamp:1  | 21071 ||| FLEEEEING.
 21072 | Swamp:1  | 21072 ||| FLEEEEING.
 21076 | Swamp:1  | 21076 ||| FLEEEEING.
 21077 | Swamp:1  | 21077 ||| FLEEEEING.
 21078 | Swamp:1  | 21078 ||| FLEEEEING.
 21079 | Swamp:1  | 21079 ||| FLEEEEING.
 21080 | Swamp:1  | 21080 ||| FLEEEEING.
 21081 | Swamp:1  | 21081 ||| FLEEEEING.
 21082 | Swamp:1  | 21082 ||| FLEEEEING.
 21083 | Swamp:1  | 21083 ||| FLEEEEING.
 21084 | Swamp:1  | 21084 ||| INVOKING Heroism.
 21105 | Swamp:1  | 21105 ||| DRINKING 8 potions of curing.
 21105 | Swamp:1  | 21105 ||| (to cure confusion)
 21107 | Swamp:1  | 21107 ||| DRINKING 7 potions of curing.
 21107 | Swamp:1  | 21107 ||| (to cure confusion)
 21112 | Swamp:1  | 21112 ||| DRINKING 6 potions of curing.
 21112 | Swamp:1  | 21112 ||| (to cure confusion)
 21117 | Swamp:1  | 21117 ||| Stepping ~*~*~tactically~*~*~ (hiding).
 21118 | Swamp:1  | 21118 ||| Stepping ~*~*~tactically~*~*~ (hiding).
 21138 | Swamp:1  | 21138 ||| Stepping ~*~*~tactically~*~*~ (hiding).
 21139 | Swamp:1  | 21139 ||| Stepping ~*~*~tactically~*~*~ (hiding).
 21162 | Swamp:1  | 21162 ||| DRINKING 5 potions of curing.
 21162 | Swamp:1  | 21162 ||| (to cure confusion)
 21170 | Swamp:1  | 21170 ||| DRINKING 4 potions of curing.
 21170 | Swamp:1  | 21170 ||| (to cure confusion)
 21516 | Swamp:1  | 21516 ||| INVOKING Heroism.
 21562 | Swamp:1  | Identified the +4 ring mail "Zelaen" {Harm Rampage Fly
                  | Will- Str-4}
 21667 | Swamp:1  | 21667 ||| DROPPING ring of fire.
 21668 | Swamp:1  | 21668 ||| UPGRADING to ring of Suicidal Tendencies {rPois
                  | rF++ rN+ Dex+6}.
 21717 | Swamp:2  | Reached skill level 3 in Dodging
 21757 | Swamp:2  | 21757 ||| Stepping ~*~*~tactically~*~*~ (hiding).
 21758 | Swamp:2  | 21758 ||| INVOKING Heroism.
 21804 | Swamp:2  | 21804 ||| INVOKING Heroism.
 21809 | Swamp:2  | 21809 ||| SWAPPING to +5 war axe of flaming.
 21812 | Swamp:2  | 21812 ||| SWAPPING to +2 war axe of the Eye-covered God
                  | {speed, rF+ MP+9}.
 21856 | Swamp:2  | 21856 ||| Stepping ~*~*~tactically~*~*~ (stealth).
 21858 | Swamp:2  | 21858 ||| INVOKING Heroism.
 21874 | Swamp:2  | Noticed a thorn hunter
 21899 | Swamp:2  | Killed a thorn hunter
 21900 | Swamp:2  | Reached skill level 16 in Shields
 21904 | Swamp:2  | 21904 ||| SWAPPING to +5 war axe of flaming.
 21906 | Swamp:2  | 21906 ||| SWAPPING to +2 war axe of the Eye-covered God
                  | {speed, rF+ MP+9}.
 21915 | Swamp:2  | 21915 ||| Stepping ~*~*~tactically~*~*~ (stealth).
 21916 | Swamp:2  | 21916 ||| Stepping ~*~*~tactically~*~*~ (stealth).
 21917 | Swamp:2  | 21917 ||| INVOKING Heroism.
 22021 | Swamp:2  | 22021 ||| READING scroll of enchant armour.
 22021 | Swamp:2  | 22021 ||| ENCHANTING +0 cloak.
 22284 | Swamp:2  | 22284 ||| DROPPING amulet of guardian spirit.
 22299 | Swamp:3  | 22299 ||| INVOKING Heroism.
 22318 | Swamp:3  | 22318 ||| Stepping ~*~*~tactically~*~*~ (cloud).
 22411 | Swamp:3  | 22411 ||| INVOKING Heroism.
 22465 | Swamp:3  | Noticed a thorn hunter
 22466 | Swamp:3  | 22466 ||| INVOKING Heroism.
 22506 | Swamp:3  | Killed a thorn hunter
 22528 | Swamp:3  | 22528 ||| Stepping ~*~*~tactically~*~*~ (stealth).
 22529 | Swamp:3  | 22529 ||| INVOKING Heroism.
 22557 | Swamp:3  | Received a gift from Okawaru
 22573 | Swamp:3  | Reached skill level 17 in Shields
 22589 | Swamp:3  | 22589 ||| Stepping ~*~*~tactically~*~*~ (stealth).
 22590 | Swamp:3  | 22590 ||| Stepping ~*~*~tactically~*~*~ (stealth).
 22591 | Swamp:3  | 22591 ||| Stepping ~*~*~tactically~*~*~ (stealth).
 22592 | Swamp:3  | 22592 ||| Stepping ~*~*~tactically~*~*~ (stealth).
 22593 | Swamp:3  | 22593 ||| Stepping ~*~*~tactically~*~*~ (stealth).
 22628 | Swamp:3  | 22628 ||| Stepping ~*~*~tactically~*~*~ (hiding).
 22629 | Swamp:3  | 22629 ||| Stepping ~*~*~tactically~*~*~ (hiding).
 22630 | Swamp:3  | 22630 ||| Stepping ~*~*~tactically~*~*~ (hiding).
 22686 | Swamp:3  | 22686 ||| Stepping ~*~*~tactically~*~*~ (hiding).
 22687 | Swamp:3  | 22687 ||| Stepping ~*~*~tactically~*~*~ (hiding).
 22915 | Swamp:3  | 22915 ||| PLANNING SNAKE:1-3
 22915 | Swamp:3  | 22915 ||| DROPPING +6 ring of dexterity.
 23033 | Snake:1  | Entered Level 1 of the Snake Pit
 23106 | Snake:1  | 23106 ||| Stepping ~*~*~tactically~*~*~ (hiding).
 23107 | Snake:1  | 23107 ||| Stepping ~*~*~tactically~*~*~ (hiding).
 23108 | Snake:1  | 23108 ||| Stepping ~*~*~tactically~*~*~ (hiding).
 23109 | Snake:1  | 23109 ||| Stepping ~*~*~tactically~*~*~ (hiding).
 23163 | Snake:1  | 23163 ||| Stepping ~*~*~tactically~*~*~ (hiding).
 23166 | Snake:1  | 23166 ||| Stepping ~*~*~tactically~*~*~ (hiding).
 23283 | Snake:1  | 23283 ||| Stepping ~*~*~tactically~*~*~ (hiding).
 23284 | Snake:1  | 23284 ||| Stepping ~*~*~tactically~*~*~ (hiding).
 23285 | Snake:1  | 23285 ||| Stepping ~*~*~tactically~*~*~ (stealth).
 23298 | Snake:1  | Received a gift from Okawaru
 23347 | Snake:1  | 23347 ||| INVOKING Heroism.
 23382 | Snake:1  | 23382 ||| INVOKING Heroism.
 23386 | Snake:1  | Reached XP level 17. HP: 105/108 MP: 24/24
 23413 | Snake:1  | Found Reetter's Magic Scroll Boutique.
 23420 | Snake:1  | 23420 ||| BUYING scroll of enchant armour (112 gold).
 23420 | Snake:1  | Bought a scroll of enchant armour for 112 gold pieces
 23420 | Snake:1  | 23420 ||| READING scroll of enchant armour.
 23420 | Snake:1  | 23420 ||| ENCHANTING +1 cloak.
 23573 | Snake:1  | 23573 ||| Stepping ~*~*~tactically~*~*~ (hiding).
 23576 | Snake:1  | 23576 ||| Stepping ~*~*~tactically~*~*~ (hiding).
 23584 | Snake:1  | 23584 ||| INVOKING Heroism.
 23626 | Snake:1  | 23626 ||| Stepping ~*~*~tactically~*~*~ (hiding).
 23627 | Snake:1  | 23627 ||| Stepping ~*~*~tactically~*~*~ (hiding).
 23636 | Snake:1  | 23636 ||| INVOKING Heroism.
 23855 | Snake:1  | 23855 ||| Stepping ~*~*~tactically~*~*~ (hiding).
 23912 | Snake:1  | 23912 ||| Stepping ~*~*~tactically~*~*~ (hiding).
 24301 | Snake:1  | 24301 ||| DROPPING scarf of repulsion.
 24302 | Snake:1  | 24302 ||| READING scroll labelled MIUXKA ECAU.
 24507 | Snake:2  | 24507 ||| Stepping ~*~*~tactically~*~*~ (hiding).
 24510 | Snake:2  | 24510 ||| Stepping ~*~*~tactically~*~*~ (hiding).
 24543 | Snake:2  | 24543 ||| Stepping ~*~*~tactically~*~*~ (hiding).
 24544 | Snake:2  | 24544 ||| Stepping ~*~*~tactically~*~*~ (stealth).
 24730 | Snake:2  | Identified the +1 helmet of Foolhardiness {Int+3} (Okawaru
                  | gifted it to you on level 2 of the Snake Pit)
 24730 | Snake:2  | Received a gift from Okawaru
 24793 | Snake:2  | 24793 ||| Stepping ~*~*~tactically~*~*~ (stealth).
 24801 | Snake:2  | 24801 ||| Stepping ~*~*~tactically~*~*~ (hiding).
 24802 | Snake:2  | 24802 ||| Stepping ~*~*~tactically~*~*~ (hiding).
 24803 | Snake:2  | 24803 ||| Stepping ~*~*~tactically~*~*~ (hiding).
 24943 | Snake:2  | 24943 ||| Stepping ~*~*~tactically~*~*~ (stealth).
 25111 | Snake:2  | 25111 ||| Stepping ~*~*~tactically~*~*~ (hiding).
 25115 | Snake:2  | 25115 ||| Stepping ~*~*~tactically~*~*~ (hiding).
 25136 | Snake:2  | Found Moch's Armour Shoppe.
 25150 | Snake:2  | Found a runed translucent door.
 25156 | Snake:2  | Noticed Tenauc's ghost (adept NaHu)
 25180 | Snake:2  | 25180 ||| DROPPING +1 helmet of Foolhardiness {Int+3}.
 25181 | Snake:2  | 25181 ||| DROPPING ring of wizardry.
 25274 | Snake:3  | 25274 ||| Stepping ~*~*~tactically~*~*~ (hiding).
 25275 | Snake:3  | 25275 ||| Stepping ~*~*~tactically~*~*~ (hiding).
 25419 | Snake:3  | 25419 ||| Stepping ~*~*~tactically~*~*~ (stealth).
 25420 | Snake:3  | 25420 ||| Stepping ~*~*~tactically~*~*~ (hiding).
 25421 | Snake:3  | 25421 ||| Stepping ~*~*~tactically~*~*~ (hiding).
 25426 | Snake:3  | 25426 ||| Stepping ~*~*~tactically~*~*~ (stealth).
 25427 | Snake:3  | 25427 ||| Stepping ~*~*~tactically~*~*~ (hiding).
 25478 | Snake:3  | 25478 ||| INVOKING Heroism.
 25657 | Snake:3  | 25657 ||| INVOKING Heroism.
 25888 | Snake:3  | 25888 ||| Stepping ~*~*~tactically~*~*~ (stealth).
 25890 | Snake:3  | 25890 ||| Stepping ~*~*~tactically~*~*~ (hiding).
 25918 | Snake:3  | Reached skill level 18 in Shields
 26102 | Snake:3  | 26102 ||| PLANNING SWAMP:4
 26318 | Swamp:4  | Entered Level 4 of the Swamp
 26339 | Swamp:4  | 26339 ||| INVOKING Heroism.
 26339 | Swamp:4  | Noticed a tentacled monstrosity
 26340 | Swamp:4  | 26340 ||| INVOKING Finesse.
 26360 | Swamp:4  | Killed a tentacled monstrosity
 26402 | Swamp:4  | 26402 ||| SWAPPING to +5 war axe of flaming.
 26405 | Swamp:4  | 26405 ||| SWAPPING to +2 war axe of the Eye-covered God
                  | {speed, rF+ MP+9}.
 26451 | Swamp:4  | 26451 ||| Stepping ~*~*~tactically~*~*~ (hiding).
 26452 | Swamp:4  | 26452 ||| Stepping ~*~*~tactically~*~*~ (hiding).
 26568 | Swamp:4  | 26568 ||| INVOKING Heroism.
 26656 | Swamp:4  | 26656 ||| INVOKING Heroism.
 26710 | Swamp:4  | Noticed Bai Suzhen
 26711 | Swamp:4  | 26711 ||| INVOKING Heroism.
 26715 | Swamp:4  | 26715 ||| SWAPPING to +5 war axe of flaming.
 26741 | Swamp:4  | 26741 ||| SWAPPING to +2 war axe of the Eye-covered God
                  | {speed, rF+ MP+9}.
 26760 | Swamp:4  | Killed Bai Suzhen
 26790 | Swamp:4  | 26790 ||| INVOKING Heroism.
 26795 | Swamp:4  | 26795 ||| SWAPPING to +5 war axe of flaming.
 26800 | Swamp:4  | 26800 ||| SWAPPING to +2 war axe of the Eye-covered God
                  | {speed, rF+ MP+9}.
 26810 | Swamp:4  | 26810 ||| SWAPPING to +5 war axe of flaming.
 26812 | Swamp:4  | 26812 ||| SWAPPING to +2 war axe of the Eye-covered God
                  | {speed, rF+ MP+9}.
 26816 | Swamp:4  | 26816 ||| SWAPPING to +5 war axe of flaming.
 26820 | Swamp:4  | 26820 ||| SWAPPING to +2 war axe of the Eye-covered God
                  | {speed, rF+ MP+9}.
 26882 | Swamp:4  | 26882 ||| FLEEEEING.
 26883 | Swamp:4  | 26883 ||| FLEEEEING.
 26884 | Swamp:4  | 26884 ||| FLEEEEING.
 26885 | Swamp:4  | 26885 ||| INVOKING Heroism.
 26886 | Swamp:4  | 26886 ||| SWAPPING to +5 war axe of flaming.
 26892 | Swamp:4  | 26892 ||| SWAPPING to +2 war axe of the Eye-covered God
                  | {speed, rF+ MP+9}.
 26908 | Swamp:4  | 26908 ||| Stepping ~*~*~tactically~*~*~ (stealth).
 26909 | Swamp:4  | 26909 ||| Stepping ~*~*~tactically~*~*~ (stealth).
 26911 | Swamp:4  | 26911 ||| SWAPPING to +5 war axe of flaming.
 26915 | Swamp:4  | 26915 ||| SWAPPING to +2 war axe of the Eye-covered God
                  | {speed, rF+ MP+9}.
 26919 | Swamp:4  | 26919 ||| SWAPPING to +5 war axe of flaming.
 26926 | Swamp:4  | 26926 ||| SWAPPING to +2 war axe of the Eye-covered God
                  | {speed, rF+ MP+9}.
 26931 | Swamp:4  | Reached XP level 18. HP: 117/117 MP: 2/25
 26932 | Swamp:4  | 26932 ||| SWAPPING to +5 war axe of flaming.
 26936 | Swamp:4  | 26936 ||| SWAPPING to +2 war axe of the Eye-covered God
                  | {speed, rF+ MP+9}.
 26941 | Swamp:4  | 26941 ||| SWAPPING to +5 war axe of flaming.
 26944 | Swamp:4  | 26944 ||| SWAPPING to +2 war axe of the Eye-covered God
                  | {speed, rF+ MP+9}.
 27006 | Swamp:4  | 27006 ||| FLEEEEING.
 27081 | Swamp:4  | 27081 ||| DROPPING +5 war axe of flaming.
 27105 | Swamp:4  | Reached skill level 15 in Fighting
 27150 | Swamp:4  | 27150 ||| Stepping ~*~*~tactically~*~*~ (stealth).
 27158 | Swamp:4  | 27158 ||| Stepping ~*~*~tactically~*~*~ (hiding).
 27159 | Swamp:4  | 27159 ||| Stepping ~*~*~tactically~*~*~ (hiding).
 27160 | Swamp:4  | 27160 ||| Stepping ~*~*~tactically~*~*~ (hiding).
 27161 | Swamp:4  | 27161 ||| Stepping ~*~*~tactically~*~*~ (hiding).
 27162 | Swamp:4  | 27162 ||| Stepping ~*~*~tactically~*~*~ (stealth).
 27179 | Swamp:4  | 27179 ||| Stepping ~*~*~tactically~*~*~ (stealth).
 27181 | Swamp:4  | 27181 ||| Stepping ~*~*~tactically~*~*~ (hiding).
 27192 | Swamp:4  | 27192 ||| Stepping ~*~*~tactically~*~*~ (stealth).
 27198 | Swamp:4  | 27198 ||| INVOKING Heroism.
 27202 | Swamp:4  | Noticed the 27-headed Lernaean hydra
 27215 | Swamp:4  | HP: 27/119 [15-headed hydra (9)]
 27216 | Swamp:4  | 27216 ||| READING 7 scrolls of teleportation.
 27216 | Swamp:4  | HP: 9/119 [the 26-headed Lernaean hydra (6)]
 27216 | Swamp:4  | HP: 2/119 [15-headed hydra (3)]
 27216 | Swamp:4  | Slain by a nine-headed hydra

Levels and vault maps discovered:
D:1:      dpeg_arrival_shrine, layout_basic, basic_ecumenical_altar
D:2:      layout_loops_ring, moated_statue, hangedman_decor_push, st_stairs_9,
          minmay_bisected
D:3:      layout_rooms, chequers_temple_overflow_minitemple,
          general_overflow_altar, serial_shops, shop, shop,
          nicolae_shop_advertising_works [nicolae_subvault_shop_adworks],
          shop_statue, nicolae_goblin_pals, uniq_robin
D:4:      layout_loops_ring, minmay_temple_entry_tees, serial_shops, shop
D:5:      layout_gridville, mainiacjoe_overflow_boulevard,
          nicolae_shop_i_like_big_books
D:6:      layout_rooms, minmay_chambers_of_fives, uniq_maggie
D:7:      layout_loops_ring, uniq_menkaure, uniq_duvessa,
          uniq_crazy_yiuf_cottage
D:8:      layout_basic, mainiacjoe_overflow_chevrons, nzn_wu_jian_council_hall,
          mainiacjoe_overflow_concentric_impassable, enter_bailey_2,
          uniq_joseph, uniq_psyche
D:9:      layout_stronghold, mainiacjoe_overflow_tiny_flanked,
          minmay_lair_entry_grove, fountainhead
D:10:     layout_gridville, zombieorc1_lemuel, uniq_gastronok
D:11:     layout_cave_pools, serial_shops, nicolae_shop_pleasant_corner_grove
D:12:     layout_stronghold, serial_shops, nicolae_shop_trees,
          nicolae_sif_muna_little_library
D:13:     layout_cave_pools, lightli_vaults_fourway_checkpoint,
          grunt_decor_junction, eino_small_chamber_without_monster,
          guppyfry_shop_earth
D:14:     layout_loops_ring, serial_park_avenue1
D:15:     grunt_enter_depths_magical_seal, layout_cave_pools,
          biasface_ghost_orc_armoury
Temple:   jpeg_temple_clearing
Lair:1:   layout_regular_city, portal_ice_cave_demonic_guard
Lair:2:   layout_chaotic_city, eino_small_chamber_without_monster,
          cheibrodos_lair_lostbears
Lair:3:   layout_gridlike, nicolae_swamp_entry_splash_gauntlet,
          nicolae_snake_entry_squirm, grunt_forest_stairs_basic, roderic_batcave
Lair:4:   layout_cave_pods, grunt_megastairs_4, infiniplex_staircase_pool_2
Lair:5:   evilmike_catoblepas_cave, layout_regular_city,
          nicolae_slime_entry_field_trip, gammafunk_lair_bear_cave,
          serial_bayou_shore_b, uniq_rupert
Swamp:1:  layout_basic_swamp, serial_swamp_ruin, evilmike_swamp_ruin_house_1,
          evilmike_swamp_ruin_house_3, hangedman_swamp_pad, swamp_pool1,
          beargit_elvish_explorers
Swamp:2:  layout_falls_marsh, nicolae_swamp_round_clearing
Swamp:3:  layout_falls_marsh, evilmike_swamp_ruin_house_4, swamp_pool1
Swamp:4:  swamp_basic_johnstein, layout_basic_swamp, uniq_bai_suzhen
Snake:1:  layout_chambers, minmay_snake_pond, minmay_shop_star
Snake:2:  layout_misc_corridors, serial_shops, shop, ebering_ghost_inner_flame
Snake:3:  layout_grid_maze
Orc:1:    layout_caves, serial_shops, shop
Orc:2:    st_orc_open, layout_diamond_mine, uniq_erolcha

Skill      XL: |  1  2  3  4  5  6  7  8  9 10 11 12 13 14 15 16 17 18 |
---------------+-------------------------------------------------------+-----
Axes           | 2 3 4 5 6 7 8 9 11 12 14 16 | 16.0
Fighting       | 4 5 7 8 9 10 11 12 13 14 15 | 15.0
Dodging        | 1 2 4 5 |  5.0
Invocations    | 2 4 8 10 | 10.0
Throwing       | 1 2 3 4 6 |  6.0
Shields        | 4 5 6 7 13 17 18 | 18.1
Armour         | 4 6 8 9 11 12 14 | 14.4

Action                     |  1- 3 |  4- 6 |  7- 9 | 10-12 | 13-15 | 16-18 || total
---------------------------+-------+-------+-------+-------+-------+-------++-------
  Melee: War axe           |    93 |   188 |   273 |   567 |   176 |  1435 ||  2732
         Hand axe          |       |       |       |    14 |       |       ||    14
         Broad axe         |       |       |       |       |  1055 |     3 ||  1058
  Throw: Boomerang         |       |       |    57 |    98 |    34 |    76 ||   265
         Javelin           |       |       |     3 |    98 |   128 |    65 ||   294
 Invoke: Heroism           |       |       |    11 |    26 |    28 |    27 ||    92
         Finesse           |       |       |       |     1 |     7 |     2 ||    10
    Use: Scroll            |     4 |     3 |     7 |     8 |    10 |     5 ||    37
         Potion            |       |     3 |     3 |     3 |     6 |     6 ||    21
 Armour: Scale mail        |    37 |   127 |   124 |       |       |       ||   288
         Chain mail        |       |       |     9 |   289 |       |       ||   298
         Plate armour      |       |       |       |   180 |   905 |   564 ||  1649
  Dodge: Dodged            |    35 |    92 |   115 |   225 |   296 |   219 ||   982
  Block: Buckler           |     8 |    48 |    56 |   127 |   190 |       ||   429
         Tower shield      |       |       |       |       |   402 |  1300 ||  1702

Table legend:
 A = Non-vault XP
 B = Vault XP
 C = Vault XP percentage of total XP
 D = Non-vault monster count
 E = Vault monster count
 F = Vault count percentage of total count
                 A         B        C        D         E       F
            +---------+---------+-------+---------+---------+-------
      Total |  173807 |   77998 |  31.0 |     657 |     224 |  25.4
            +---------+---------+-------+---------+---------+-------
        D:1 |      62 |       0 |   0.0 |      28 |       0 |   0.0
        D:2 |      17 |      10 |  37.0 |      10 |       6 |  37.5
        D:3 |     158 |      58 |  26.9 |      25 |       7 |  21.9
        D:4 |     594 |       0 |   0.0 |      30 |       0 |   0.0
        D:5 |    1127 |       0 |   0.0 |      26 |       0 |   0.0
        D:6 |    1222 |     909 |  42.7 |      31 |       6 |  16.2
        D:7 |     958 |     398 |  29.4 |      17 |       3 |  15.0
        D:8 |    1639 |     838 |  33.8 |      19 |       2 |   9.5
        D:9 |    1233 |    2216 |  64.3 |      22 |      13 |  37.1
       D:10 |    1187 |    2302 |  66.0 |      13 |      29 |  69.0
       D:11 |    6043 |       0 |   0.0 |      25 |       0 |   0.0
       D:12 |    6014 |       0 |   0.0 |      16 |       0 |   0.0
       D:13 |    3565 |    7637 |  68.2 |       9 |      15 |  62.5
       D:14 |    9526 |       0 |   0.0 |      18 |       0 |   0.0
       D:15 |    7892 |    4140 |  34.4 |      14 |       9 |  39.1
     Lair:1 |    3881 |     650 |  14.3 |      17 |       2 |  10.5
     Lair:2 |    8721 |     882 |   9.2 |      33 |       3 |   8.3
     Lair:3 |    5231 |    1291 |  19.8 |      17 |      16 |  48.5
     Lair:4 |    4292 |    1053 |  19.7 |      10 |       7 |  41.2
     Lair:5 |    5313 |   13628 |  71.9 |      17 |      32 |  65.3
    Swamp:1 |    9903 |    3095 |  23.8 |      23 |       5 |  17.9
    Swamp:2 |   12282 |       0 |   0.0 |      21 |       0 |   0.0
    Swamp:3 |   12631 |       0 |   0.0 |      24 |       0 |   0.0
    Swamp:4 |   10908 |   19348 |  63.9 |      14 |      24 |  63.2
    Snake:1 |   20541 |    3860 |  15.8 |      37 |       7 |  15.9
    Snake:2 |   18924 |       0 |   0.0 |      36 |       0 |   0.0
    Snake:3 |    8561 |       0 |   0.0 |      16 |       0 |   0.0
      Orc:1 |    4339 |       0 |   0.0 |      56 |       0 |   0.0
      Orc:2 |    3080 |   15683 |  83.6 |      27 |      38 |  58.5
    Abyss:2 |    3963 |       0 |   0.0 |       6 |       0 |   0.0
            +---------+---------+-------+---------+---------+-------
